 Dungeon Crawl Stone Soup version 0.29.0-4-gdea44cf6ec (webtiles) character file.

Game seed: 8450548613217364340

592 qw the Grappler (level 7, -4/67 HPs)
             Began as a Troll Cinder Acolyte on Aug 31, 2022.
             Was an Elder of Ignis.
             Killed by divine providence
             ... invoked by an orc priest
              (14 damage)
             ... on level 5 of the Dungeon.
             The game lasted 00:02:03 (3505 turns).

qw the Grappler (Troll Cinder Acolyte)              Turns: 3505, Time: 00:02:04

Health: -4/67      AC: 13    Str: 25    XL:     7   Next: 16%
Magic:  7/7        EV:  9    Int: 10    God:    Ignis [****..]
Gold:   218        SH:  0    Dex:  5    Spells: 8/8 levels left

rFire   + . .      SeeInvis .     - Unarmed
rCold   . . .      Faith    .   (no shield)
rNeg    . . .      Spirit   .   a - +0 robe
rPois   .          Reflect  .   m - +2 hat
rElec   .          Harm     .   (no cloak)
rCorr   .          Rampage  .   (gloves unavailable)
Will    .....                   (boots unavailable)
Stlth   +.........              (no amulet)
HPRegen 1.01/turn               (no ring)
MPRegen 0.10/turn               (no ring)

@: about to teleport, fiery-armoured
A: large, unfitting armour, claws 3, regeneration 1, shaggy fur 1, tough skin 1
a: Renounce Religion, Fiery Armour, Foxfire Swarm, Rising Flame


You were on level 5 of the Dungeon.
You worshipped Ignis.
Ignis was greatly pleased with you.
You visited 1 branch of the dungeon, and saw 5 of its levels.

You collected 218 gold pieces.


Innate Abilities, Weirdness & Mutations

You are too large for most types of armour.
You have claws for hands.
Your natural rate of healing is unusually fast.
You are covered in fur. (AC +1)
You have tough skin. (AC +1)


   Skills:
 - Level 3.0 Fighting
 + Level 8.0 Unarmed Combat
 - Level 1.0 Spellcasting
 - Level 2.1 Fire Magic


You had 8 spell levels left.
You didn't know any spells.
Your spell library contained the following spells:

 Spells                   Type           Power      Damage    Failure   Level
 Scorch                   Fire           8%         2d5       22%         2

Inventory:

Armour
 a - a +0 robe (worn)
 m - a +2 hat (worn)
Potions
 c - a potion of ambrosia {unknown}
 d - 2 potions of might
 e - 3 potions of curing
 f - 2 potions of haste
 g - a potion of attraction {unknown}
 k - a potion of flight {unknown}
 o - a potion of berserk rage {unknown}

Dungeon Overview and Level Annotations

Branches:
Dungeon (5/15)
 Temple: D:4-7

Altars:

Annotations:
D:2 1 runed translucent door, Crazy Yiuf


Message History

The orc priest mumbles some strange prayers to Beogh against you.
Beogh smites you!
3498 ||| Stepping ~*~*~tactically~*~*~ (outnumbered).
The iguana attacks as you move away! The iguana bites you!
You see here 7 stones.
3499 ||| Stepping ~*~*~tactically~*~*~ (outnumbered).
The iguana attacks as you move away! The iguana bites you!
The orc attacks as you move away! The orc barely misses you.
The orc priest begins to cast a cantrip, but forgets the words!
3500 ||| Stepping ~*~*~tactically~*~*~ (outnumbered).
The iguana attacks as you move away! The iguana barely misses you.
The orc priest mumbles some strange prayers to Beogh against you.
Beogh smites you!
3501 ||| INVOKING Fiery Armour.
A protective cloak of flame settles atop you.
The iguana bites you.
The iguana is burned by your cloak of flames.
The iguana is lightly wounded.
The orc hits you with a +0 short sword.
The orc is burned by your cloak of flames.
The orc is heavily wounded.
3502 ||| Stepping ~*~*~tactically~*~*~ (outnumbered).
There is a stone staircase leading down here.
3503 ||| Stepping ~*~*~tactically~*~*~ (outnumbered).
You barely miss the orc.
The orc is heavily wounded.
The orc priest calls down the wrath of Beogh upon you.
Beogh smites you! The iguana bites you.
The iguana is burned by your cloak of flames.
The iguana is heavily wounded.
The orc barely misses you.
3505 ||| READING scroll of teleportation.
As you read the scroll of teleportation, it crumbles to dust.
You feel strangely unstable.
The iguana bites you but does no damage.
The iguana is burned by your cloak of flames.
The iguana is severely wounded.
The orc priest invokes the aid of Beogh against you.
Beogh smites you!
You die...

########
##@o....##
##l.o.....##
#..........#
#..........#
#.(o<......#
#..........#
#..........#
##........##
#........#


You could see an iguana, an orc priest and 2 orcs.

Vanquished Creatures
  An orc warrior (D:4)
  An ogre (D:4)
  A hound (D:4)
  An orc priest (D:4)
  Jessica (D:3)
  4 orc wizards (D:4)
  2 iguanas (D:4)
  3 adders (D:2)
  A gnoll (D:1)
  A worm (D:1)
  5 dart slugs
  19 orcs
  9 bats
  10 endoplasms
  7 giant cockroaches
  10 goblins
  6 hobgoblins
  6 jackals
  7 kobolds
  3 quokkas
  9 ball pythons
  3 frilled lizards
  4 rats
114 creatures vanquished.

Vanquished Creatures (others)
  A fungus (D:2)
1 creature vanquished.

Grand Total: 115 creatures vanquished

Notes
Turn   | Place    | Note
-------+----------+-------------------------------------------
     0 | D:1      | qw the Troll Cinder Acolyte began the quest for the Orb.
     0 | D:1      | Reached XP level 1. HP: 22/22 MP: 1/1
     0 | D:1      | 0 ||| qw: Version: 0.1-a-97-g2dd2ca4
     0 | D:1      | 0 ||| qw: Game counter: 4605
     0 | D:1      | 0 ||| qw: Always use a shield: true
     0 | D:1      | 0 ||| qw: God list: Okawaru
     0 | D:1      | 0 ||| qw: Allow faded altars: false
     0 | D:1      | 0 ||| qw: Do Orc after D:15 true
     0 | D:1      | 0 ||| qw: Do second Lair branch before Depths: true
     0 | D:1      | 0 ||| qw: Lair rune preference: random
     0 | D:1      | 0 ||| qw: Plans: Normal
     0 | D:1      | 0 ||| PLANNING D:1-11
    85 | D:1      | Reached XP level 2. HP: 29/29 MP: 2/2
   246 | D:1      | Found a faded altar of an unknown god.
   293 | D:1      | 293 ||| Stepping ~*~*~tactically~*~*~ (hiding).
   303 | D:1      | Reached skill level 4 in Unarmed Combat
   403 | D:1      | 403 ||| Stepping ~*~*~tactically~*~*~ (stealth).
   417 | D:1      | Reached XP level 3. HP: 33/36 MP: 3/3
   608 | D:1      | 608 ||| Stepping ~*~*~tactically~*~*~ (hiding).
   609 | D:1      | 609 ||| Stepping ~*~*~tactically~*~*~ (hiding).
   612 | D:1      | 612 ||| Stepping ~*~*~tactically~*~*~ (hiding).
   839 | D:1      | 839 ||| DROPPING amulet of magic regeneration.
   840 | D:1      | 840 ||| DROPPING ring of flight.
   841 | D:1      | 841 ||| READING scroll labelled XAMNAK RIWNODGH.
   842 | D:1      | 842 ||| DRINKING 3 smoky inky potions.
   843 | D:1      | 843 ||| DRINKING 2 clear potions.
   844 | D:1      | 844 ||| DRINKING 2 ruby potions.
   855 | D:2      | 855 ||| STAIRDANCE
   860 | D:2      | 860 ||| STAIRDANCE
  1111 | D:2      | Reached XP level 4. HP: 44/44 MP: 4/4
  1125 | D:2      | 1125 ||| Stepping ~*~*~tactically~*~*~ (stealth).
  1136 | D:2      | 1136 ||| INVOKING Fiery Armour.
  1137 | D:2      | 1137 ||| Stepping ~*~*~tactically~*~*~ (outnumbered).
  1138 | D:2      | Reached skill level 5 in Unarmed Combat
  1269 | D:2      | Found a runed translucent door.
  1270 | D:2      | Noticed Crazy Yiuf
  1436 | D:2      | 1436 ||| Stepping ~*~*~tactically~*~*~ (stealth).
  1694 | D:2      | 1694 ||| UPGRADING to +2 hat.
  1699 | D:2      | 1699 ||| READING 2 scrolls labelled XOS DY POCAZEUDU.
  1735 | D:2      | 1735 ||| READING 3 scrolls labelled NIENOBOUCI.
  1736 | D:2      | 1736 ||| READING scroll labelled JEEMIZOANI.
  1737 | D:2      | 1737 ||| READING scroll labelled FIEL LIUCEE.
  1738 | D:2      | 1738 ||| READING scroll labelled XEFRUR QITWOERR.
  1739 | D:2      | 1739 ||| DRINKING 2 fuming silvery potions.
  1740 | D:2      | 1740 ||| DRINKING 2 silvery potions.
  1741 | D:2      | 1741 ||| DROPPING potion of invisibility.
  1742 | D:2      | 1742 ||| DROPPING 2 scrolls of blinking.
  1743 | D:2      | 1743 ||| READING scroll of teleportation.
  1937 | D:3      | Noticed Jessica
  1944 | D:3      | Killed Jessica
  1945 | D:3      | Reached XP level 5. HP: 50/50 MP: 5/5
  2439 | D:3      | 2439 ||| Stepping ~*~*~tactically~*~*~ (stealth).
  2771 | D:3      | 2771 ||| DRINKING 2 purple potions.
  2772 | D:3      | 2772 ||| DROPPING potion of brilliance.
  2806 | D:4      | 2806 ||| Stepping ~*~*~tactically~*~*~ (hiding).
  2821 | D:4      | Reached skill level 6 in Unarmed Combat
  2862 | D:4      | 2862 ||| Stepping ~*~*~tactically~*~*~ (stealth).
  2863 | D:4      | 2863 ||| Stepping ~*~*~tactically~*~*~ (stealth).
  2864 | D:4      | 2864 ||| Stepping ~*~*~tactically~*~*~ (stealth).
  2870 | D:4      | 2870 ||| Stepping ~*~*~tactically~*~*~ (outnumbered).
  2871 | D:4      | 2871 ||| Stepping ~*~*~tactically~*~*~ (outnumbered).
  2872 | D:4      | 2872 ||| Stepping ~*~*~tactically~*~*~ (outnumbered).
  2948 | D:4      | 2948 ||| Stepping ~*~*~tactically~*~*~ (outnumbered).
  2957 | D:4      | 2957 ||| INVOKING Fiery Armour.
  3003 | D:4      | Noticed an orc warrior
  3012 | D:4      | Killed an orc warrior
  3013 | D:4      | Reached skill level 7 in Unarmed Combat
  3013 | D:4      | Reached XP level 6. HP: 38/59 MP: 6/6
  3100 | D:4      | 3100 ||| Stepping ~*~*~tactically~*~*~ (hiding).
  3119 | D:4      | 3119 ||| Stepping ~*~*~tactically~*~*~ (outnumbered).
  3132 | D:4      | 3132 ||| Stepping ~*~*~tactically~*~*~ (stealth).
  3192 | D:4      | 3192 ||| Stepping ~*~*~tactically~*~*~ (stealth).
  3205 | D:4      | 3205 ||| Stepping ~*~*~tactically~*~*~ (outnumbered).
  3206 | D:4      | 3206 ||| Stepping ~*~*~tactically~*~*~ (outnumbered).
  3207 | D:4      | 3207 ||| Stepping ~*~*~tactically~*~*~ (outnumbered).
  3211 | D:4      | 3211 ||| INVOKING Fiery Armour.
  3211 | D:4      | HP: 13/59 [iguana (8)]
  3212 | D:4      | 3212 ||| READING 2 scrolls of teleportation.
  3213 | D:4      | 3213 ||| DRINKING potion of heal wounds.
  3368 | D:4      | Reached skill level 8 in Unarmed Combat
  3379 | D:4      | Reached skill level 3 in Fighting
  3379 | D:4      | Reached XP level 7. HP: 45/67 MP: 7/7
  3467 | D:4      | 3467 ||| READING scroll labelled EDIQUTSE GAWNO.
  3491 | D:5      | Entered Level 5 of the Dungeon
  3497 | D:5      | 3497 ||| Stepping ~*~*~tactically~*~*~ (outnumbered).
  3498 | D:5      | 3498 ||| Stepping ~*~*~tactically~*~*~ (outnumbered).
  3499 | D:5      | 3499 ||| Stepping ~*~*~tactically~*~*~ (outnumbered).
  3500 | D:5      | 3500 ||| Stepping ~*~*~tactically~*~*~ (outnumbered).
  3501 | D:5      | 3501 ||| INVOKING Fiery Armour.
  3502 | D:5      | 3502 ||| Stepping ~*~*~tactically~*~*~ (outnumbered).
  3503 | D:5      | 3503 ||| Stepping ~*~*~tactically~*~*~ (outnumbered).
  3504 | D:5      | HP: 15/67 [orc priest/divine providence (11)]
  3505 | D:5      | 3505 ||| READING scroll of teleportation.
  3505 | D:5      | Killed from afar by an orc priest

Levels and vault maps discovered:
D:1:      dpeg_arrival_round_c, layout_loops_cross,
          dreamdust_ecumenical_altar_statues, nicolae_wormholes
D:2:      minmay_thinvault, layout_rooms, uniq_crazy_yiuf_cottage
D:3:      layout_basic, minmay_misc_feat_tiny, minmay_ruptured, uniq_jessica
D:4:      layout_rooms, guppyfry_early_orc_mine
D:5:      layout_rooms

Skill      XL: |  1  2  3  4  5  6 |
---------------+-------------------+-----
Unarmed Combat | 4 5 7 8 |  8.0
Fighting       | 3 |  3.0
Spellcasting   | |  1.0
Fire Magic     | |  2.1

Action                   |  1- 3 |  4- 6 |  7- 9 || total
-------------------------+-------+-------+-------++-------
Melee: Unarmed           |    80 |   194 |     4 ||   278
       Punch             |       |     6 |       ||     6
Throw: Boomerang         |       |     4 |       ||     4
Invok: Fiery Armour      |       |     3 |     1 ||     4
  Use: Potion            |     3 |     4 |       ||     7
       Scroll            |     1 |     7 |     2 ||    10
Armor: Robe              |    22 |    66 |     2 ||    90
Dodge: Dodged            |    29 |    60 |     4 ||    93

Table legend:
 A = Non-vault XP
 B = Vault XP
 C = Vault XP percentage of total XP
 D = Non-vault monster count
 E = Vault monster count
 F = Vault count percentage of total count
                 A         B        C        D         E       F
            +---------+---------+-------+---------+---------+-------
      Total |     525 |     322 |  38.0 |      83 |      31 |  27.2
            +---------+---------+-------+---------+---------+-------
        D:1 |      54 |       5 |   8.5 |      21 |       1 |   4.5
        D:2 |      51 |      55 |  51.9 |      21 |      18 |  46.2
        D:3 |      17 |      44 |  72.1 |       9 |       5 |  35.7
        D:4 |     403 |     218 |  35.1 |      32 |       7 |  17.9
            +---------+---------+-------+---------+---------+-------
